 Dungeon Crawl Stone Soup version 0.27.1-1-g398f81649c (webtiles) character file.

Game seed: 6816229707721920006

91 ZARRMARR the Sneak (level 4, 0/29 HPs)
             Began as an Octopode Brigand on Sept 9, 2021.
             Slain by a white imp (3 damage)
             ... on level 4 of the Dungeon.
             The game lasted 00:04:41 (2364 turns).

ZARRMARR the Sneak (Octopode Brigand)               Turns: 2364, Time: 00:04:42

Health: 0/29       AC:  1    Str: 10    XL:     4   Next: 57%
Magic:  4/4        EV: 12    Int: 14    God:
Gold:   189        SH:  0    Dex: 13    Spells: 3/3 levels left

rFire    . . .     SeeInvis .   a - +2 dagger
rCold    . . .     Faith    .   (no shield)
rNeg     . . .     Spirit   .   (helmet restricted)
rPois    .         Reflect  .   (no amulet)
rElec    .         Harm     .   (no ring)
rCorr    .         Rampage  .   (no ring)
Will     .....                  (no ring)
Stlth    ++++......             (no ring)
HPRegen  0.09/turn              (no ring)
MPRegen  0.09/turn              (no ring)
                                (no ring)
                                (no ring)

@: no status effects
A: almost no armour, amphibious, 8 rings, camouflage 1, gelatinous body 1,
(nimble swimmer 1), tentacles
a: no special abilities


You were on level 4 of the Dungeon.
You visited 1 branch of the dungeon, and saw 4 of its levels.

You collected 189 gold pieces.

Inventory:

Hand Weapons
 a - a +2 dagger (weapon)
Missiles
 b - 8 poisoned darts (quivered)
 c - 2 curare-tipped darts
Scrolls
 f - a scroll of amnesia
 i - a scroll of enchant armour
Potions
 d - a potion of mutation {unknown}
 e - 3 potions of attraction {unknown}
 g - a potion of brilliance {unknown}
 h - a potion of lignification {unknown}
 j - a potion of curing {unknown}


   Skills:
 - Level 2.0 Fighting
 + Level 4.6 Short Blades
 - Level 2.0 Throwing
 - Level 1.0 Dodging
 - Level 5.3 Stealth


You had 3 spell levels left.
You didn't know any spells.
Your spell library was empty.

Dungeon Overview and Level Annotations

Branches:
Dungeon (4/15)
 Temple: D:4-7

Altars:
Trog
Vehumet


Innate Abilities, Weirdness & Mutations

You cannot wear most types of armour.
You are amphibious.
You can wear up to eight rings at the same time.
Your skin changes colour to match your surroundings (Stealth+).
Your rubbery body absorbs attacks. (AC +1, EV +1)
((You are camouflaged near water. (Stealth+)))
You have tentacles for arms and can constrict up to eight enemies at once.


Message History

The white imp is moderately wounded.
You constrict the white imp. The white imp hits you. The white imp freezes you.
You barely miss the white imp.
The white imp is heavily wounded.
You constrict the white imp, but do no damage.
The white imp barely misses you.
You hit the white imp.
The white imp is heavily wounded.
You constrict the white imp, but do no damage.
The white imp gestures at you. The puff of frost hits you!
You are too injured to fight recklessly!
You are too injured to fight recklessly!
You are too injured to fight recklessly!
You are too injured to fight recklessly!
You are too injured to fight recklessly!
You are too injured to fight recklessly!
You are too injured to fight recklessly!
You are too injured to fight recklessly!
You are too injured to fight recklessly!
You are too injured to fight recklessly!
You barely miss the white imp.
The white imp is heavily wounded.
You constrict the white imp, but do no damage.
The white imp hits you. The white imp freezes you.
You hit the white imp but do no damage.
The white imp is heavily wounded.
You constrict the white imp.
An adder comes into view.
You hit the white imp.
The white imp is severely wounded.
You constrict the white imp, but do no damage.
The white imp hits you.
* * * LOW HITPOINT WARNING * * *
The white imp freezes you.
* * * LOW HITPOINT WARNING * * *
You barely miss the white imp.
The white imp is severely wounded.
You constrict the white imp. The white imp hits you.
You die...

#.......##
...).....####......###.
.........+ ..........!
.<.......# .........
#...>...# .......
##.....## ..... ##...##
#...# ##'## #5..#
####.# #.@.#
.....###### ##.##
###.......# #.#
##...###.# #.#
##.....##.######.#
.................#
###..####.########
....#####.# ###....)[.#


You could see a white imp.

Vanquished Creatures
  2 adders
  2 dart slugs (D:2)
  An orc (D:3)
  3 ball pythons (D:1)
  4 endoplasms
  7 giant cockroaches (D:2)
  8 goblins
  8 hobgoblins
  8 kobolds
  4 quokkas
  5 bats
  2 frilled lizards
  6 rats
60 creatures vanquished.

Notes
Turn   | Place    | Note
-------+----------+-------------------------------------------
     0 | D:1      | ZARRMARR the Octopode Brigand began the quest for the Orb.
     0 | D:1      | Reached XP level 1. HP: 14/14 MP: 1/1
   137 | D:1      | Reached XP level 2. HP: 19/19 MP: 2/2
   706 | D:1      | Reached XP level 3. HP: 24/24 MP: 3/3
  1164 | D:2      | You fall into a shaft and drop 1 floor!
  1619 | D:3      | Reached XP level 4. HP: 29/29 MP: 4/4
  1936 | D:3      | Found a radiant altar of Vehumet.
  2048 | D:3      | Found a bloodstained altar of Trog.
  2364 | D:4      | Slain by a white imp

Illustrated notes

Levels and vault maps discovered:
D:1:      tarquinn_simple_flora_water_f, layout_loops_cross
D:2:      layout_rooms, minmay_worlds_worst_comb
D:3:      layout_rooms, mainiacjoe_overflow_tiny_flanked, trog_hazing_becter
D:4:      layout_loops_corners, gup_sewer_entry_spiral

Skill      XL: |  1  2  3 |
---------------+----------+-----
Short Blades   | 3 4 |  4.6
Fighting       | |  2.0
Throwing       | |  2.0
Dodging        | |  1.0
Stealth        | |  5.3

Action                   |  1- 3 |  4- 6 || total
-------------------------+-------+-------++-------
Melee: Dagger            |    71 |    39 ||   110
       Constrict         |    17 |    11 ||    28
       Tentacles         |     9 |     3 ||    12
  Use: Scroll            |     2 |       ||     2
 Stab: Sleeping          |    23 |     3 ||    26
Armor: Skin              |     2 |     4 ||     6
Dodge: Dodged            |    24 |    25 ||    49
